 Dungeon Crawl Stone Soup version 0.25-a0-528-g6b7c99946c (webtiles) character file.

Game seed: 17432376376080292852, levelgen mode: classic

252174 EnegeticOcto the Champion of Chaos (level 18, -9/178 HPs)
             Began as a Deep Dwarf Fighter on Feb 19, 2020.
             Was the Champion of Makhleb.
             Mangled by a golden dragon (21 damage)
             ... on level 3 of the Realm of Zot.
             The game lasted 00:21:09 (15952 turns).

EnegeticOcto the Champion of Chaos (DDFi)          Turns: 15952, Time: 00:21:10

Health: -9/178     AC: 25    Str: 36    XL:     18   Next: 46%
Magic:  0/14       EV: 12    Int:  9    God:    Makhleb [******]
Gold:   188        SH: 15    Dex: 12    Spells: 17/17 levels left

rFire    + + +     SeeInvis +   b - +9 hand axe of Pestilence {drain, rF+ SInv}
rCold    + . .     Gourm    .   c - +0 kite shield
rNeg     + . .     Faith    .   v - +0 plate armour "Asougio Noyxt" {*Drain rPois rF+++ Str+3}
rPois    +         Spirit   .   Q - +2 helmet
rElec    .         Reflect  .   (no cloak)
rCorr    .         Harm     .   t - +1 pair of gloves
MR       +++..                  I - +2 pair of boots
Stlth    ..........             l - amulet of the acrobat
HPRegen  0.00/turn              O - ring of protection from magic
MPRegen  0.14/turn              X - ring of protection from cold

@: mighty, about to teleport, non-regenerating, hasted, constricted, very quick
A: damage resistance, heal wounds, negative energy resistance 1, sense
surroundings 3, no regeneration
}: 3/15 runes: barnacled, abyssal, gossamer
a: Heal Wounds, Minor Destruction, Lesser Servant of Makhleb, Major Destruction,
Greater Servant of Makhleb, Renounce Religion


You were on level 3 of the Realm of Zot.
You worshipped Makhleb.
Makhleb was exalted by your worship.
You were very full.

You visited 7 branches of the dungeon, and saw 37 of its levels.
You visited the Abyss 1 time.
You also visited: Sewer and Ossuary.

You collected 1720 gold pieces.
You spent 1532 gold pieces at shops.

Inventory:

Hand Weapons
 b - the +9 hand axe of Pestilence (weapon) {drain, rF+ SInv}
   (You bought it in a shop on level 4 of the Dungeon)

   A truly terrible weapon, it drains the life of those it strikes.
   It protects you from fire.
   It lets you see invisible.
 W - a +0 war axe of flaming
Missiles
 E - 3 throwing nets (quivered)
Armour
 c - a +0 kite shield (worn)
 t - a +1 pair of gloves (worn)
 v - the +0 plate armour "Asougio Noyxt" (worn) {*Drain rPois rF+++ Str+3}
   (You found it on level 10 of the Dungeon)

   It affects your strength (+3).
   It renders you almost immune to fire.
   It protects you from poison.
   It causes draining when unequipped.
   If you remove this armour, your AC will decrease by 16 (25 -> 9).
 I - a +2 pair of boots (worn)
 Q - a +2 helmet (worn)
Jewellery
 l - an amulet of the acrobat (around neck)
 r - a +3 ring of evasion
 O - a ring of protection from magic (left hand)
 P - the amulet of Zunylia {RegenMP rC+ Int+6 SInv}
   (You found it on level 11 of the Dungeon)

   [amulet of magic regeneration]

   It increases your magic regeneration.
   It affects your intelligence (+6).
   It protects you from cold.
   It lets you see invisible.
 X - a ring of protection from cold (right hand)
Wands
 m - a wand of polymorph (8)
 p - a wand of flame (58)
 q - a wand of digging (7) {@V2}
 w - a wand of paralysis (10)
 y - a wand of iceblast (6)
 C - a wand of enslavement (17)
 M - a wand of disintegration (9)
Scrolls
 d - a scroll of blinking {@r3}
 f - 9 scrolls of teleportation {@r2}
 h - 10 scrolls of remove curse {@r6}
 s - 3 scrolls of enchant weapon
 x - 2 scrolls of magic mapping {@r5}
 z - 2 scrolls of fog
 B - 6 scrolls of fear
 H - 3 scrolls of identify {@r1}
 J - a scroll of summoning
 S - a scroll of holy word
 T - a scroll of immolation {@r4}
Potions
 g - 7 potions of flight
 i - 10 potions of curing {@q1}
 j - 2 potions of stabbing {@q5}
 k - 3 potions of might {@q3}
 n - a potion of haste {@q4}
 o - 3 potions of degeneration
 u - 8 potions of heal wounds {@q2}
 A - a potion of magic
 D - 4 potions of lignification {@q7}
 G - 2 potions of ambrosia
 K - 2 potions of cancellation
 L - 3 potions of mutation
 N - 2 potions of berserk rage
 V - 2 potions of brilliance
Comestibles
 a - 8 chunks of flesh
 e - 31 rations


   Skills:
 * Level 15.0 Fighting
 * Level 17.3 Axes
 + Level 13.1 Armour
 + Level 12.6 Dodging
 + Level 13.1 Shields
 * Level 18.8 Invocations


You had 17 spell levels left.
You didn't know any spells.
Your spell library contained the following spells:

 Spells                   Type           Power        Failure   Level  Hunger
 Sting                    Tmut/Pois      #...         93%         1    ##.....
 Corpse Rot               Necr/Air       N/A          98%         2    ###....
 Poisonous Vapours        Pois/Air       #.....       98%         2    ###....
 Ignite Poison            Fire/Tmut/Pois #.......     100%        3    ####...
 Mephitic Cloud           Conj/Pois/Air  #.......     100%        3    ####...
 Stone Arrow              Conj/Erth      #.....       100%        3    ####...
 Olgreb's Toxic Radiance  Pois           #.......     100%        4    #####..
 Irradiate                Conj/Tmut      #.........   100%        5    ######.
 Summon Forest            Summ/Tloc      #.........   100%        5    ######.
 Eringya's Noxious Bog    Tmut/Pois      #.........   100%        6    #######
 Hydra Form               Tmut           #.........   100%        6    #######
 Statue Form              Tmut/Erth      #........    100%        6    #######
 Dragon Form              Tmut           #.........   100%        7    #######
 Summon Hydra             Summ           #.........   100%        7    #######


Dungeon Overview and Level Annotations

Branches:
Dungeon (15/15)            Temple (1/1) D:4            Lair (5/6) D:10
 Shoals (4/4) Lair:4       Spider (4/4) Lair:3          Orc (0/2) D:11
 Vaults (0/5) D:13         Depths (5/5) D:15            Zot (3/5) Depths:5
  Sewer (visited)         Ossuary (visited)
  Slime: Lair:5-6

Altars:
Ashenzari
Cheibriados
Dithmenos
Elyvilon
Fedhas
Gozag
Hepliaklqana
Kikubaaqudgha
Makhleb
Nemelex Xobeh
Okawaru
Qazlal
Ru
Sif Muna
Trog
Uskayaw
Vehumet
Wu Jian
Xom
Yredelemnul
Zin
The Shining One

Shops:
D:4 (   D:13 *?=   D:15 !   Shoals:1 :   Depths:1 %!

Portals:
Hell: Depths:2
Abyss: Depths:1

Annotations:
D:8 Maggie
D:9 exclusions: lava snake, orange crystal statue and 2 more exclusions
D:12 3 runed translucent doors, Kuulis's ghost, journeyman GrGl
Lair:2 exclusion: oklob plant
Spider:1 exclusion: downstairs


Innate Abilities, Weirdness & Mutations

You are resistant to damage.
You can heal yourself by infusing magical energy.
You resist negative energy. (rN+)
You passively map a large area around you.
You do not regenerate.


Message History

The storm dragon goes berserk!
The moth of wrath goads the quicksilver dragon on!
The quicksilver dragon goes berserk!
The ghost moth stares at you.
You feel your power leaking away.
You slash the golden dragon!
The golden dragon is moderately wounded.
You slice the deathcap!! You closely miss the Killer Klown.
Your shield and plate armour "Asougio Noyxt" prevent you from hitting the black draconian.
You slash the quicksilver dragon! You drain the quicksilver dragon.
You closely miss the storm dragon.
You barely miss the green draconian stormcaller.
The Killer Klown grins with merry abandon.
The Killer Klown sucker-punches you with a +12 vampiric club!!
The golden dragon bites you. The golden dragon claws you!
You block the golden dragon's attack. The storm dragon bites you.
* * * LOW HITPOINT WARNING * * *
The storm dragon claws you but does no damage.
The storm dragon barely misses you.
You are too injured to fight recklessly!
You are too injured to fight recklessly!
Okay, then.
As you read the scroll of teleportation {@r2}, it crumbles to dust.
You feel strangely unstable.
You feel the Orb delaying your translocation!
You block the quicksilver dragon's attack.
The quicksilver dragon claws you!
* * * LOW HITPOINT WARNING * * *
The black draconian completely misses you.
The ghost moth stares at you.
The curse toe calls on the powers of darkness!
The green draconian stormcaller convulses!
The storm dragon convulses!
The golden dragon convulses!
The Killer Klown convulses!
Your body is wracked with pain!
* * * LOW HITPOINT WARNING * * *
The moth of wrath convulses!
The storm dragon convulses!
The Killer Klown convulses!
The red draconian convulses!
The white draconian convulses!
The deathcap draws from the surrounding life force!
* * * LOW HITPOINT WARNING * * *
The green draconian stormcaller hits you but does no damage.
You block the green draconian stormcaller's attack.
The storm dragon rages.
The Killer Klown pokes you with a +12 vampiric club!!
* * * LOW HITPOINT WARNING * * *
The quicksilver dragon bites you but does no damage.
The quicksilver dragon completely misses you.
You feel much better.
The moth of wrath goads the white draconian on!
The white draconian goes berserk!
The moth of wrath goads the red draconian on!
The red draconian goes berserk!
The black draconian barely misses you.
The moth of wrath goads the golden dragon on!
The golden dragon goes berserk!
The quicksilver dragon bites you but does no damage.
The quicksilver dragon barely misses you.
The white draconian rages.
The golden dragon bites you but does no damage.
You block the golden dragon's attack.
The golden dragon tramples you but does no damage.
The green draconian stormcaller prays to Qazlal.
The curse toe gestures.
Your magical essence is drained by the effort!
You feel much better. The quicksilver dragon bites you!
* * * LOW HITPOINT WARNING * * *
The quicksilver dragon claws you!
* * * LOW HITPOINT WARNING * * *
The Killer Klown eye-gouges you with a +12 vampiric club.
You block the black draconian's attack. You block the golden dragon's attack.
The golden dragon claws you but does no damage.
The golden dragon misses you.
The Killer Klown strangle-hugs you with a +12 club of electrocution!
* * * LOW HITPOINT WARNING * * *
The quicksilver dragon misses you.
The quicksilver dragon claws you but does no damage.
Your magical essence is drained by the effort!
You feel much better. The quicksilver dragon bites you.
The quicksilver dragon claws you!
* * * LOW HITPOINT WARNING * * *
The green draconian stormcaller prays to Qazlal.
The curse toe calls on the powers of darkness!
The green draconian stormcaller convulses!
The Killer Klown convulses!
The shadow dragon convulses!
The golden dragon convulses!
The storm dragon convulses!
Your body is wracked with pain!
* * * LOW HITPOINT WARNING * * *
The moth of wrath convulses!
The storm dragon convulses!
The Killer Klown convulses!
The red draconian convulses!
The white draconian convulses!
The red draconian rages.
You block the tentacled monstrosity's attack.
The tentacled monstrosity tentacle-slaps you.
* * * LOW HITPOINT WARNING * * *
The tentacled monstrosity tentacle-slaps you but does no damage.
The tentacled monstrosity grabs you.
* * * LOW HITPOINT WARNING * * *
The tentacled monstrosity constricts you!
The Killer Klown tickles you but does no damage.
The golden dragon bites you!!
You die...

, * ,, * , * * **
*...# ..# *, *
#...### ..#####
#.D...,......# *
,** # ..... ..D..
. , , *
#....§§#.§..p.. ,
, * ,
#/..#DyyDD#°..# *
* *
#..DDyDpqz○...# ,
...D[yd@Df.D..# *
..y#§Xp8XD§#..#
**.....yddff.....
,
*...X.§§.Dd§....
,, ,
*....#.....#Xy.#
** **
*.§...(.#.$....#
....... .....##
#......,....## *
* * **


You could see 2 Killer Klowns, a shadow dragon, 2 tentacled monstrosities, 3
golden dragons, 2 storm dragons, a black draconian (berserk), a green draconian,
a red draconian (berserk), a white draconian (berserk), a curse toe, a
quicksilver dragon (berserk), a green draconian stormcaller, a ghost moth
(invisible), 3 deathcaps and 4 moths of wrath.

Vanquished Creatures
  A golden dragon (Depths:5)
  A lich (Depths:1)
  A sphinx (Depths:2)
  2 tentacled starspawn
  A draconian monk (Depths:5)
  Ilsuiw (Shoals:4)
  A tengu reaver (Depths:4)
  3 fire giants
  2 ghost moths (Spider:4)
  3 frost giants
  5 emperor scorpions (Spider:4)
  A draconian annihilator (Depths:5)
  A draconian stormcaller (Depths:5)
  5 stone giants
  7 very ugly things
  An entropy weaver (Spider:2)
  A vampire knight (Depths:4)
  A black draconian (Depths:5)
  A white draconian (Depths:5)
  A purple draconian (Depths:5)
  A red draconian (Depths:5)
  7 ettins
  2 blizzard demons (Abyss:3)
  A merfolk javelineer (Shoals:4)
  Josephine (D:13)
  3 fire dragons
  2 jiangshi (Depths:2)
  A green death (Abyss:2)
  9 merfolk impalers
  3 hydras
  A great orb of eyes (Depths:2)
  Fannar (Lair:3)
  A deep elf high priest (Depths:4)
  Harold (D:7)
  3 yaktaur captains
  5 ice dragons
  2 spriggan air magi (Depths:5)
  2 rakshasas
  2 death knights
  A merfolk avatar (Shoals:2)
  5 ogre magi
  4 centaur warriors
  A merfolk aquamancer (Shoals:4)
  18 two-headed ogres
  2 catoblepae
  5 death yaks (Lair:4)
  7 deep troll shamans
  4 tengu warriors
  A vampire mage (Depths:2)
  3 deep troll earth magi
  A spriggan berserker (Depths:5)
  A thrashing horror (Abyss:2)
  5 wretched stars
  5 iron trolls
  An unseen horror (shapeshifter) (Depths:1)
  5 sea snakes
  3 spatial maelstroms
  12 deep trolls
  A wizard (Depths:1)
  A phantasmal warrior (D:15)
  11 harpies
  A wolf spider zombie (D:14)
  3 deep elf magi
  5 orb spiders
  2 orc knights (D:15)
  26 ugly things
  An orc sorcerer (D:15)
  3 cyclopes
  4 manticores
  A worldbinder (Abyss:4)
  A salamander (shapeshifter) (Depths:3)
  10 wolf spiders
  2 moths of wrath
  A centaur zombie (D:15)
  4 merfolk sirens (Shoals:4)
  2 black mambas
  A rust devil (Abyss:4)
  6 smoke demons
  4 gargoyles
  2 torpor snails
  2 water nymphs (Shoals:4)
  4 spiny frogs
  2 orange demons
  2 komodo dragons
  4 hellwings
  5 yaktaurs
  A redback zombie (D:13)
  2 freezing wraiths
  A jumping spider (shapeshifter) (Depths:2)
  3 tengu conjurers
  4 merfolk
  2 ancient zymes
  4 trolls
  8 jumping spiders
  3 meliai (D:14)
  3 hornets
  A wind drake (Shoals:3)
  9 slime creatures (Depths:1)
  6 snapping turtles
  20 blink frogs
  11 raiju
  A raiju (shapeshifter) (Depths:4)
  2 flying skulls
  12 dream sheep
  8 hippogriffs
  A shadow (D:11)
  A spriggan (Depths:5)
  11 large abominations
  11 tarantellas
  27 yaks
  A ynoxinul (Abyss:2)
  A fire bat (Abyss:2)
  A tarantella (shapeshifter) (D:13)
  A wyvern (D:14)
  22 redbacks
  8 water elementals
  6 wraiths
  A chaos spawn (Abyss:2)
  2 basilisks (shapeshifter)
  9 vampire mosquitoes (D:13)
  A basilisk (D:13)
  A neqoxec (Abyss:2)
  4 hungry ghosts
  8 small abominations
  Menkaure (D:6)
  A spatial vortex (Abyss:3)
  A hell hound (Abyss:2)
  6 wargs
  An acid dragon (D:12)
  11 water moccasins
  8 porcupines
  A floating eye (Depths:4)
  An eye of draining (D:10)
  2 phantoms
  3 sky beasts
  A black bear (D:10)
  4 ice beasts
  7 orc warriors
  3 necrophages
  7 ogres
  10 centaurs
  7 crocodiles
  2 big kobolds
  20 bullfrogs
  5 water moccasin zombies (Ossuary)
  A spiny frog simulacrum (Abyss:3)
  A wyvern zombie (D:13)
  A wyvern skeleton (D:14)
  3 scorpions
  A water moccasin skeleton (D:7)
  5 wights (D:10)
  8 howler monkeys
  2 electric eels
  2 bullfrog zombies
  2 crimson imps
  3 hounds
  3 quasits
  7 jellies
  6 starcursed masses (Abyss:4)
  10 orc priests
  3 bullfrog skeletons
  18 orc wizards
  4 centaur skeletons
  Natasha (D:2)
  5 iguanas
  13 worker ants
  A killer bee zombie (D:8)
  3 big kobold zombies (Ossuary)
  2 hound zombies
  3 mummies
  2 worker ant zombies
  3 gnolls (D:3)
  10 adders
  3 shadow imps
  A white imp (Abyss:4)
  3 ufetubi
  2 oozes
  5 adder zombies (Ossuary)
  3 worms
  A dart slug (D:1)
  8 leopard geckos
  45 orcs
  10 giant cockroaches
  4 goblins
  6 hobgoblins
  24 jackals
  4 quokkas
  3 ball pythons
  A ball python skeleton (D:4)
  11 bats
  4 frilled lizards
  3 gnoll zombies (Ossuary)
  3 hobgoblin zombies (Ossuary)
  13 kobolds
  5 kobold zombies (Ossuary)
  A leopard gecko skeleton (D:7)
  7 orc zombies (Ossuary)
  2 rats (D:3)
  3 fungi
  A plant (D:13)
  7 starspawn tentacles
909 creatures vanquished.

Vanquished Creatures (collateral kills)
  An emperor scorpion (Spider:4)
  A merfolk javelineer (Shoals:4)
  A merfolk impaler (Shoals:4)
  4 sea snakes (Shoals:4)
  2 harpies (Shoals:4)
  3 orb spiders (Spider:4)
  4 wolf spiders (Spider:4)
  2 manticores (Shoals:4)
  A cyclops (Shoals:1)
  A merfolk siren (Shoals:4)
  A water nymph (Shoals:4)
  3 jumping spiders
  4 merfolk
  2 dream sheep (Shoals:4)
  11 redbacks (Spider:4)
  3 tarantellas
  A sky beast (D:8)
45 creatures vanquished.

Vanquished Creatures (others)
  A very ugly thing (Abyss:3)
  7 fungi
  4 plants
  6 starspawn tentacles
  3 toadstools (D:15)
21 creatures vanquished.

Grand Total: 975 creatures vanquished

Notes
Turn   | Place    | Note
-------+----------+-------------------------------------------
     0 | D:1      | EnegeticOcto the Deep Dwarf Fighter began the quest for the
                  | Orb.
     0 | D:1      | Reached XP level 1. HP: 20/20 MP: 1/1
    29 | D:1      | Reached XP level 2. HP: 20/27 MP: 2/2
    78 | D:2      | Reached skill level 1 in Dodging
    78 | D:2      | Reached XP level 3. HP: 19/34 MP: 3/3
   144 | D:2      | Noticed a centaur
   155 | D:2      | Killed a centaur
   155 | D:2      | Reached XP level 4. HP: 22/42 MP: 4/4
   188 | D:2      | Noticed Natasha
   195 | D:2      | Killed Natasha
   195 | D:2      | Reached XP level 5. HP: 44/49 MP: 4/4
   785 | D:4      | Noticed a phantom
   808 | D:4      | Killed a phantom
   808 | D:4      | Reached XP level 6. HP: 29/57 MP: 5/5
   846 | D:4      | Found a staircase to the Ecumenical Temple.
   857 | Temple   | Entered the Ecumenical Temple
  1223 | D:4      | Found a radiant altar of Vehumet.
  1320 | D:4      | Found Visuos's Antique Weapon Boutique.
  1572 | D:4      | Reached XP level 7. HP: 59/66 MP: 5/5
  1576 | D:4      | Reached skill level 5 in Axes
  1622 | D:4      | You fall into a shaft and drop 3 floors!
  1628 | D:7      | Found a sacrificial altar of Ru.
  1703 | D:7      | Noticed a hungry ghost
  1737 | D:7      | Killed a hungry ghost
  1738 | D:7      | Found an opulent altar of Gozag.
  1811 | D:7      | Reached skill level 5 in Fighting
  1853 | D:6      | Reached skill level 5 in Armour
  1854 | D:6      | Noticed Menkaure
  1857 | D:6      | Reached skill level 5 in Shields
  1857 | D:6      | Reached XP level 8. HP: 30/74 MP: 5/5
  1866 | D:6      | Killed Menkaure
  1886 | D:6      | Found a sand-covered staircase.
  1914 | Ossuary  | Entered an ossuary
  2173 | D:5      | Entered Level 5 of the Dungeon
  2261 | D:5      | Found a basalt altar of Yredelemnul.
  2261 | D:5      | Found a burning altar of Makhleb.
  2265 | D:5      | Became a worshipper of Makhleb the Destroyer
  2355 | D:5      | Found a glowing drain.
  2374 | Sewer    | Entered a sewer
  2946 | D:5      | Reached skill level 1 in Invocations
  3133 | D:4      | Bought an ancient hand axe for 232 gold pieces
  3133 | D:4      | Identified the +9 hand axe of Pestilence {drain, rF+ SInv}
                  | (You bought it in a shop on level 4 of the Dungeon)
  3258 | D:6      | Reached * piety under Makhleb
  3258 | D:6      | Gained mutation: You passively map the area around you.
                  | [Deep Dwarf growth]
  3258 | D:6      | Reached XP level 9. HP: 57/82 MP: 5/7
  3350 | D:6      | Reached skill level 2 in Invocations
  3443 | D:6      | Found an opulent altar of Gozag.
  3564 | D:6      | Found a bloodstained altar of Trog.
  3565 | D:6      | Found an iron altar of Okawaru.
  3976 | D:7      | Found a hazy altar of Hepliaklqana.
  3982 | D:7      | Reached skill level 3 in Invocations
  3998 | D:7      | Noticed Harold
  4018 | D:7      | Killed Harold
  4018 | D:7      | Reached skill level 5 in Dodging
  4018 | D:7      | Reached skill level 4 in Invocations
  4355 | D:7      | Reached skill level 5 in Invocations
  4669 | D:8      | Reached ** piety under Makhleb
  4681 | D:8      | Reached XP level 10. HP: 68/93 MP: 10/10
  4791 | D:8      | Found a glowing silver altar of Zin.
  5024 | D:8      | Noticed Maggie
  5321 | D:9      | Found a white marble altar of Elyvilon.
  5353 | D:9      | Reached skill level 6 in Invocations
  5354 | D:9      | Noticed an orange crystal statue
  5365 | D:9      | Noticed a two-headed ogre
  5381 | D:9      | Killed a two-headed ogre
  5704 | D:9      | Found an ornate altar of the Wu Jian Council.
  5731 | D:10     | Entered Level 10 of the Dungeon
  5744 | D:10     | Reached *** piety under Makhleb
  5750 | D:10     | Reached skill level 7 in Invocations
  5797 | D:10     | Got a polished plate armour
  5808 | D:10     | Identified the +0 plate armour "Asougio Noyxt" {*Drain
                  | rPois rF+++ Str+3} (You found it on level 10 of the
                  | Dungeon)
  5976 | D:10     | Found a staircase to the Lair.
  6283 | D:10     | Reached XP level 11. HP: 103/103 MP: 12/12
  6580 | Lair:1   | Entered Level 1 of the Lair of Beasts
  6854 | Lair:1   | Reached skill level 8 in Invocations
  6860 | Lair:1   | Reached **** piety under Makhleb
  7119 | Lair:2   | Reached skill level 10 in Axes
  7270 | Lair:2   | Reached skill level 9 in Invocations
  7310 | Lair:2   | Noticed an oklob plant
  7563 | Lair:2   | Noticed an eight-headed hydra
  7578 | Lair:2   | Killed an eight-headed hydra
  8135 | Lair:3   | Noticed Fannar
  8153 | Lair:3   | Killed Fannar
  8153 | Lair:3   | Reached skill level 10 in Invocations
  8153 | Lair:3   | Reached XP level 12. HP: 101/115 MP: 15/15
  8214 | Lair:3   | Found a hole to the Spider Nest.
  8559 | Lair:4   | Reached ***** piety under Makhleb
  8588 | Lair:4   | Noticed an eight-headed hydra
  8602 | Lair:4   | Killed a ten-headed hydra
  8608 | Lair:4   | Noticed a death yak
  8608 | Lair:4   | Noticed a death yak
  8609 | Lair:4   | Noticed a death yak
  8609 | Lair:4   | Noticed a death yak
  8611 | Lair:4   | Noticed a death yak
  8630 | Lair:4   | Killed a death yak
  8637 | Lair:4   | Killed a death yak
  8640 | Lair:4   | Killed a death yak
  8642 | Lair:4   | Killed a death yak
  8644 | Lair:4   | Killed a death yak
  8644 | Lair:4   | Reached skill level 10 in Fighting
  8652 | Lair:4   | Reached skill level 11 in Invocations
  8705 | Lair:4   | Found a staircase to the Shoals.
  9296 | Lair:4   | Noticed a catoblepas
  9315 | Lair:4   | Killed a catoblepas
  9652 | Spider:1 | Entered Level 1 of the Spider Nest
  9660 | Spider:1 | Reached XP level 13. HP: 120/124 MP: 17/17
  9925 | Spider:2 | Reached skill level 12 in Invocations
  9951 | Spider:2 | Noticed an entropy weaver
  9968 | Spider:2 | Killed an entropy weaver
 10132 | Spider:4 | Entered Level 4 of the Spider Nest
 10160 | Spider:4 | Noticed an emperor scorpion
 10195 | Spider:4 | Killed an emperor scorpion
 10249 | Spider:4 | Noticed an emperor scorpion
 10281 | Spider:4 | Killed an emperor scorpion
 10317 | Spider:4 | Reached skill level 13 in Invocations
 10319 | Spider:4 | Noticed an emperor scorpion
 10319 | Spider:4 | Noticed a ghost moth
 10322 | Spider:4 | Noticed an emperor scorpion
 10323 | Spider:4 | Noticed an emperor scorpion
 10328 | Spider:4 | Noticed an emperor scorpion
 10338 | Spider:4 | Killed a ghost moth
 10356 | Spider:4 | Killed an emperor scorpion
 10356 | Spider:4 | Reached skill level 10 in Armour
 10356 | Spider:4 | Reached skill level 10 in Shields
 10356 | Spider:4 | Gained mutation: You resist negative energy. (rN+) [Deep
                  | Dwarf growth]
 10356 | Spider:4 | Reached XP level 14. HP: 87/135 MP: 19/19
 10357 | Spider:4 | Killed an emperor scorpion
 10364 | Spider:4 | Killed an emperor scorpion
 10365 | Spider:4 | Killed an emperor scorpion
 10373 | Spider:4 | Noticed a ghost moth
 10381 | Spider:4 | Killed a ghost moth
 10386 | Spider:4 | Got a gossamer rune of Zot
 10647 | Shoals:1 | Entered Level 1 of the Shoals
 10661 | Shoals:1 | Found Otwoang's Book Boutique.
 10917 | Shoals:4 | Entered Level 4 of the Shoals
 10954 | Shoals:4 | Reached skill level 14 in Invocations
 11012 | Shoals:4 | Noticed Ilsuiw
 11042 | Shoals:4 | Killed Ilsuiw
 11074 | Shoals:4 | Reached skill level 10 in Dodging
 11242 | Shoals:4 | Reached XP level 15. HP: 145/145 MP: 18/18
 11348 | Shoals:4 | Got a barnacled rune of Zot
 11769 | D:11     | Got a wavering brass amulet
 11781 | D:11     | Found a staircase to the Orcish Mines.
 11782 | D:11     | Identified the amulet of Zunylia {RegenMP rC+ Int+6 SInv}
                  | (You found it on level 11 of the Dungeon)
 11812 | D:12     | Found a runed translucent gate.
 11814 | D:12     | Found a runed translucent gate.
 11815 | D:12     | Found a runed translucent gate.
 11817 | D:12     | Found an iron altar of Okawaru.
 11817 | D:12     | Noticed Kuulis's ghost (journeyman GrGl)
 11850 | D:12     | Reached skill level 15 in Invocations
 12017 | D:13     | Found Reem's Assorted Antiques.
 12069 | D:13     | Bought a blackened pearl ring for 140 gold pieces
 12069 | D:13     | Bought a potion of invisibility for 224 gold pieces
 12069 | D:13     | Bought a brass ring for 140 gold pieces
 12069 | D:13     | Bought a scroll of immolation for 98 gold pieces
 12069 | D:13     | Bought a scroll of enchant armour for 210 gold pieces
 12073 | D:13     | Found Tyocasu's Magic Scroll Shoppe.
 12085 | D:13     | Bought a scroll of holy word for 112 gold pieces
 12336 | D:13     | Reached ****** piety under Makhleb
 12382 | D:13     | Found Wega's Jewellery Boutique.
 12385 | D:13     | Found a gate to the Vaults.
 12610 | D:13     | Noticed Josephine
 12627 | D:13     | Killed Josephine
 13068 | D:15     | Entered Level 15 of the Dungeon
 13248 | D:15     | Found Hoca's Distillery.
 13277 | D:15     | Bought a potion of resistance for 120 gold pieces
 13277 | D:15     | Bought a potion of mutation for 96 gold pieces
 13312 | D:15     | Reached skill level 15 in Axes
 13456 | D:15     | Reached XP level 16. HP: 156/156 MP: 20/20
 13613 | D:15     | Found a staircase to the Depths.
 13631 | Depths:1 | Entered Level 1 of the Depths
 13647 | Depths:1 | Reached skill level 16 in Invocations
 13704 | Depths:1 | Found Woontoun's Food Shoppe.
 13716 | Depths:1 | Found Doavelar's Distillery.
 13741 | Depths:1 | Noticed a lich
 13805 | Depths:1 | Killed a lich
 13850 | Depths:1 | Bought a potion of cancellation for 160 gold pieces
 13906 | Depths:1 | Found a one-way gate to the infinite horrors of the Abyss.
 13958 | Depths:1 | Voluntarily entered the Abyss.
 13958 | Abyss:1  | Found a corrupted altar of Lugonu.
 14157 | Abyss:2  | Noticed a tentacled starspawn
 14186 | Abyss:2  | Killed a tentacled starspawn
 14274 | Abyss:2  | Reached skill level 17 in Invocations
 14300 | Abyss:2  | Noticed a tentacled starspawn
 14335 | Abyss:3  | Got an abyssal rune of Zot
 14461 | Abyss:3  | Reached XP level 17. HP: 148/165 MP: 18/18
 14933 | Abyss:5  | Entered Level 5 of the Abyss
 14953 | Depths:1 | Escaped the Abyss
 15249 | Depths:2 | Reached skill level 18 in Invocations
 15323 | Depths:2 | Found a gateway to Hell.
 15594 | Depths:4 | Gained mutation: You passively map a large area around you.
                  | [Deep Dwarf growth]
 15594 | Depths:4 | Reached XP level 18. HP: 119/176 MP: 17/17
 15725 | Depths:4 | Paralysed by a floating eye for 4 turns
 15746 | Depths:5 | Entered Level 5 of the Depths
 15799 | Depths:5 | Noticed a golden dragon
 15829 | Depths:5 | Killed a golden dragon
 15890 | Depths:5 | Found a gate to the Realm of Zot.
 15909 | Depths:5 | Reached skill level 15 in Fighting
 15920 | Zot:1    | Entered Level 1 of the Realm of Zot
 15942 | Zot:3    | Noticed a Killer Klown
 15942 | Zot:3    | Noticed a golden dragon
 15942 | Zot:3    | Noticed a Killer Klown
 15942 | Zot:3    | Noticed a tentacled monstrosity
 15942 | Zot:3    | Noticed a tentacled monstrosity
 15942 | Zot:3    | Noticed a golden dragon
 15942 | Zot:3    | Noticed a golden dragon
 15942 | Zot:3    | Noticed a golden dragon
 15942 | Zot:3    | Noticed a curse toe
 15949 | Zot:3    | HP: 4/178 [Killer Klown/+12 vampiric club (19)]
 15952 | Zot:3    | Mangled by a golden dragon

Levels and vault maps discovered:
D:1:      lemuel_arrival_broad_hall, layout_loops_ring
D:2:      layout_basic, kennysheep_another_room, uniq_natasha,
          uniq_crazy_yiuf_cottage
D:3:      layout_loops_corners, chequers_serial_rivers_small_b
D:4:      layout_basic, vehumet_altar_wand_db, minmay_temple_entry_glass,
          first_ration, serial_shops, shop
D:5:      layout_loops_ring, gammafunk_temple_overflow_elements,
          gup_sewer_entry_pipe
D:6:      lemuel_upstairs_altar, layout_loops_cross,
          grunt_temple_overflow_bloody_war, overflow_temple_1_default,
          gup_ossuary_entry_pyramid, minmay_diced_spiral, uniq_menkaure
D:7:      layout_loops_ring, nicolae_overflow_crystal_walls, basic_altar,
          nicolae_gozag_seed_capital, uniq_harold
D:8:      layout_rooms, lemuel_crystal_altar, uniq_maggie
D:9:      layout_rooms, kennysheep_mini_moat, old_standard_altar,
          hangedman_fish_farm, disabler_island
D:10:     layout_basic, erik_lair_orcish_takeover
D:11:     layout_basic, erik_orc_4, roderic_roman_lattice,
          minmay_misc_feat_pillars
D:12:     layout_loops_cross, serial_shops, nicolae_shop_behind_doors,
          gammafunk_ghost_fury_of_okawaru, minivault_19, grunt_potential
D:13:     minmay_s_stair_smasher, layout_cave_pools, david_vaults_2,
          serial_shops, shop, shop_statue, nicolae_shop_overgrown_old_shop,
          serial_glass, glass_columns_a, glass_columns_c, uniq_josephine
D:14:     minmay_triangles_in_corner, layout_basic,
          minmay_misc_feat_four_crosses
D:15:     grunt_enter_depths_snipers, layout_gridville, serial_shops,
          shop_fountains, minivault_4, minmay_gold_behind_fungi,
          serial_bayou_crossing
Temple:   minmay_temple_bridge_abc
Lair:1:   layout_layer_cave, lemuel_fruit_fields, grunt_megastairs_3,
          lemuel_fruit_tree
Lair:2:   layout_chaotic_city, minmay_lair_oklob_bushes, grunt_megastairs_1
Lair:3:   layout_roguey, nicolae_spider_entry_tight_spaces, uniq_fannar
Lair:4:   layout_cave_pods, elwin_shoals_entry_rocks, fungi_pond_lemuel
Lair:5:   layout_cave_pods
Shoals:1: layout_shoals, portal_ice_cave_entry_frozen_things, serial_shops,
          nicolae_shop_competitors_out_of_business
Shoals:2: layout_shoals, centaur_isle
Shoals:3: layout_shoals, serial_shops, nicolae_shop_statue_plus,
          nicolae_shoals_siren_and_animal_friends
Shoals:4: shoals_end_simple, layout_shoals, shoals_ilsuiw_alternative
Spider:1: layout_spider_delve, drop_trap
Spider:2: layout_spider_delve, nicolae_spider_cling_halls
Spider:3: layout_spider_delve, uniq_bai_suzhen
Spider:4: grunt_spider_rune_circles, special_room [special_room_bee]
Depths:1: layout_cave_shapes, rand_demon_pan_entry_9, abyss_entry, hell_entry,
          grunt_absolute_annihilation, minmay_shoptagon, serial_bayou_shore_a,
          serial_bayou_shore_b, uniq_asterion
Depths:2: kennysheep_bubble_arena, layout_cave_pools,
          chequers_serial_rivers_small_a, hell_entry
Depths:3: minmay_guarded_unrand_sceptre_of_torment, layout_basic, hell_entry,
          nicolae_wwwww, serial_shops, shop, pan_entry
Depths:4: minmay_blocking_statues, layout_basic, enter_ziggurat_e,
          hex_intersection, grunt_hell_entry_dis_mu, marbit_kobold_abyss_entry,
          minmay_misc_feat_chi
Depths:5: grunt_zot_entry_bicorn, layout_cave_pools, minmay_misc_feat_plants,
          hangedman_tar_grid_catacomb, uniq_mennas, uniq_sojobo, uniq_margery
Zot:1:    kennysheep_spiral_hall, layout_concentric_octagons,
          hangedman_zot_decor_slant
Zot:2:    layout_concentric_octagons, st_stairs_1
Zot:3:    layout_concentric_octagons, evilmike_ambush
          [evilmike_ambush_outer_basic, evilmike_ambush_inner_basic]

Skill      XL: |  1  2  3  4  5  6  7  8  9 10 11 12 13 14 15 16 17 18 |
---------------+-------------------------------------------------------+-----
Fighting       | 3 4 5 6 7 8 9 10 11 12 13 14 15 | 15.0
Axes           | 3 4 5 7 8 9 10 12 13 14 15 16 17 | 17.3
Dodging        | 1 2 3 4 5 6 7 8 9 10 11 12 | 12.6
Shields        | 4 5 6 7 8 9 10 11 12 13 | 13.1
Armour         | 4 5 6 7 8 9 10 11 12 13 | 13.1
Invocations    | 1 5 7 10 11 13 14 15 17 18 | 18.8

Action                   |  1- 3 |  4- 6 |  7- 9 | 10-12 | 13-15 | 16-18 || total
-------------------------+-------+-------+-------+-------+-------+-------++-------
Melee: War axe           |    45 |   161 |   342 |    11 |     3 |       ||   562
       Hand axe          |       |       |   110 |   588 |  1208 |  1405 ||  3311
Throw: Throwing net      |       |       |       |     3 |       |       ||     3
Invok: Lesser Servant of |       |       |       |       |    32 |       ||    32
 Abil: Heal Wounds       |     1 |     3 |    10 |     6 |    10 |    42 ||    72
Evoke: Wand              |       |       |       |     1 |       |       ||     1
  Use: Scroll            |       |       |       |    23 |    11 |     7 ||    41
       Potion            |       |       |       |     2 |     4 |     5 ||    11
 Stab: Invisible         |       |       |       |     4 |    27 |       ||    31
       Sleeping          |       |       |       |     1 |       |       ||     1
       Distracted        |       |       |       |       |     6 |       ||     6
  Eat: Chunk             |       |     3 |    12 |    16 |    12 |     7 ||    50
       Ration            |       |       |     5 |       |     1 |     3 ||     9
Armor: Scale mail        |    37 |    59 |   174 |       |       |       ||   270
       Plate armour      |       |       |       |   254 |   487 |   607 ||  1348
Dodge: Dodged            |    20 |    44 |   180 |   252 |   684 |   602 ||  1782
Block: Kite shield       |    44 |   104 |   255 |   313 |   801 |   912 ||  2429

Table legend:
 A = Non-vault XP
 B = Vault XP
 C = Vault XP percentage of total XP
 D = Non-vault monster count
 E = Vault monster count
 F = Vault count percentage of total count
                 A         B        C        D         E       F
            +---------+---------+-------+---------+---------+-------
      Total |  232257 |   98180 |  29.7 |     705 |     238 |  25.2
            +---------+---------+-------+---------+---------+-------
        D:1 |      19 |       0 |   0.0 |       9 |       0 |   0.0
        D:2 |     207 |      35 |  14.5 |      20 |       1 |   4.8
        D:3 |      80 |       0 |   0.0 |      18 |       0 |   0.0
        D:4 |     409 |       2 |   0.5 |      23 |       1 |   4.2
        D:5 |     388 |      16 |   4.0 |      10 |       7 |  41.2
        D:6 |     870 |     230 |  20.9 |      15 |       4 |  21.1
        D:7 |    1222 |     997 |  44.9 |      22 |       1 |   4.3
        D:8 |     895 |       0 |   0.0 |      21 |       0 |   0.0
        D:9 |    2346 |       0 |   0.0 |      27 |       0 |   0.0
       D:10 |    2171 |     703 |  24.5 |      30 |      10 |  25.0
       D:11 |    3708 |     560 |  13.1 |      25 |      16 |  39.0
       D:12 |    2420 |       0 |   0.0 |      10 |       0 |   0.0
       D:13 |    8325 |    9460 |  53.2 |      42 |      22 |  34.4
       D:14 |    5253 |       0 |   0.0 |      23 |       0 |   0.0
       D:15 |   12400 |    2215 |  15.2 |      33 |       3 |   8.3
     Temple |      47 |       0 |   0.0 |       2 |       0 |   0.0
     Lair:1 |    1680 |     143 |   7.8 |       9 |       1 |  10.0
     Lair:2 |    5140 |    1067 |  17.2 |      22 |       4 |  15.4
     Lair:3 |    2352 |    3082 |  56.7 |       8 |       9 |  52.9
     Lair:4 |    9184 |       0 |   0.0 |      25 |       0 |   0.0
     Lair:5 |    3952 |       0 |   0.0 |      16 |       0 |   0.0
   Shoals:1 |    5282 |       0 |   0.0 |      12 |       0 |   0.0
   Shoals:2 |    2464 |       0 |   0.0 |       6 |       0 |   0.0
   Shoals:3 |     902 |       0 |   0.0 |       4 |       0 |   0.0
   Shoals:4 |    9583 |   20327 |  68.0 |      22 |      33 |  60.0
   Spider:1 |    3869 |       0 |   0.0 |       9 |       0 |   0.0
   Spider:2 |    6237 |       0 |   0.0 |      18 |       0 |   0.0
   Spider:4 |    3782 |   20965 |  84.7 |      17 |      41 |  70.7
   Depths:1 |   48506 |    1622 |   3.2 |      64 |       2 |   3.0
   Depths:2 |   25828 |       0 |   0.0 |      30 |       0 |   0.0
   Depths:3 |    4884 |       0 |   0.0 |       8 |       0 |   0.0
   Depths:4 |   18556 |   10466 |  36.1 |      21 |      10 |  32.3
   Depths:5 |    3306 |   20905 |  86.3 |       5 |      14 |  73.7
    Abyss:2 |   10800 |       0 |   0.0 |      22 |       0 |   0.0
    Abyss:3 |    8384 |    4789 |  36.4 |      20 |       7 |  25.9
    Abyss:4 |   16806 |       0 |   0.0 |      37 |       0 |   0.0
      Sewer |       0 |      37 | 100.0 |       0 |      19 | 100.0
    Ossuary |       0 |     559 | 100.0 |       0 |      33 | 100.0
            +---------+---------+-------+---------+---------+-------
